 Dungeon Crawl Stone Soup version 0.30-a0-840-ga523dec638 (webtiles) character file.

Game seed: 11093907496407995136

46978 ytrimaz the Bludgeoner (level 14, 0/115 HPs)
             Began as a Formicid Fighter on Mar 1, 2023.
             Was a High Priest of Wu Jian.
             Succumbed to a cane toad's poison
             ... on level 5 of the Lair of Beasts.
             The game lasted 00:24:21 (16286 turns).

ytrimaz the Bludgeoner (Formicid Fighter)          Turns: 16286, Time: 00:24:22

Health: 0/115      AC: 24    Str: 25    XL:     14   Next: 79%
Magic:  23/23      EV:  8    Int: 12    God:    Wu Jian [*****.]
Gold:   1116       SH:  0    Dex: 10    Spells: 13/13 levels left

rFire   + + .      SeeInvis +    n - +0 giant club (flame)
rCold   + . .      Faith    .    (shield currently unavailable)
rNeg    + . .      Spirit   .    k - +4 chain mail of a bazaar {rF+ rN+ rCorr Int+3}
rPois   +          Reflect  .    (helmet unavailable)
rElec   .          Harm     .    Q - +1 cloak
rCorr   +          Rampage  .    l - +2 pair of gloves
Will    +....                    r - +1 pair of boots Stlth
                                 H - amulet of magic regeneration
HPRegen 0.39/turn                t - ring of protection from cold
MPRegen 0.58/turn                L - ring of Fun {rPois rF+ MP+9 Dex-3 SInv}

@: lethally poisoned (0 -> -3), studying Shields
A: permanent stasis, dig shafts and tunnels, antennae 3, four strong arms
a: Dig, Shaft Self, Renounce Religion, Wall Jump, Serpent's Lash, Heavenly Storm


You were on level 5 of the Lair of Beasts.
You worshipped Wu Jian.
Wu Jian was extremely pleased with you.
You visited 4 branches of the dungeon, and saw 18 of its levels.

You collected 1116 gold pieces.


Innate Abilities, Weirdness & Mutations

You cannot be hasted, slowed, berserked, paralysed or teleported.
You can dig through walls and to a lower floor.
You have a pair of large antennae on your head. (SInv)
Your four strong arms can wield two-handed weapons with a shield.


   Skills:
 - Level 12.0 Fighting
 * Level 19.6 Maces & Flails
 - Level 12.0 Armour
 - Level 4.0 Shields


You had 13 spell levels left.
You didn't know any spells.
Your spell library contained the following spells:

 Spells                   Type           Power      Damage    Failure   Level
 Apportation              Tloc           0%         N/A       83%         1
 Beastly Appendage        Tmut           0%         N/A       83%         1
 Necrotise                Necr           0%         1d4       83%         1
 Shock                    Conj/Air       0%         1d3       83%         1
 Summon Small Mammal      Summ           0%         N/A       83%         1
 Lesser Beckoning         Tloc           0%         N/A       92%         2
 Wereblood                Tmut           0%         N/A       92%         2
 Dazzling Flash           Conj/Hex       0%         N/A       99%         3
 Gell's Gravitas          Tloc           0%         N/A       99%         3
 Hailstorm                Conj/Ice       0%         3d3       99%         3
 Spider Form              Tmut/Pois      0%         N/A       99%         3
 Teleport Other           Tloc           0%         N/A       99%         3
 Airstrike                Air            0%         2d(0-16)  100%        4
 Ice Form                 Ice/Tmut       0%         N/A       100%        4
 Iskenderun's Mystic Bla  Conj/Tloc      0%         2d3       100%        4
 Olgreb's Toxic Radiance  Pois           0%         N/A       100%        4
 Passage of Golubria      Tloc           0%         N/A       100%        4
 Blade Hands              Tmut           0%         N/A       100%        5
 Fireball                 Conj/Fire      0%         3d3       100%        5
 Irradiate                Conj/Tmut      0%         3d11      100%        5
 Iskenderun's Battlesphe  Conj           0%         2d6       100%        5
 Conjure Ball Lightning   Conj/Air       0%         3x3d6     100%        6
 Dispersal                Tloc           0%         N/A       100%        6
 Simulacrum               Ice/Necr       0%         N/A       100%        6
 Starburst                Conj/Fire      0%         6d3       100%        6
 Dragon Form              Tmut           0%         N/A       100%        7
 Orb of Destruction       Conj           0%         9d5       100%        7
 Ozocubu's Refrigeration  Ice            0%         4d7       100%        7
 Ignition                 Fire           0%         3d3       100%        8
 Swiftness                Air            Unusable   N/A       N/A         3

Inventory:

Hand Weapons
 a - a +1 vampiric flail
 b - a +0 morningstar
   (You found it on level 3 of the Dungeon)
 h - a +4 dire flail
   (You took it off a wight on level 8 of the Dungeon)
 n - a +0 giant club of flaming (weapon)
   (You took it off an ogre on level 4 of the Dungeon)
 v - a +2 flail of protection
   (You took it off a gnoll on level 4 of the Dungeon)
 J - a +0 giant spiked club
   (You took it off a two-headed ogre on level 10 of the Dungeon)
Missiles
 g - 2 throwing nets
Armour
 c - a +0 buckler
 k - the +4 chain mail of a bazaar (worn) {rF+ rN+ rCorr Int+3}
   (You found it on level 3 of the Dungeon)

   Int:       It affects your intelligence (+3).
   rF:        It protects you from fire.
   rN:        It protects you from negative energy.
   rCorr:     It protects you from acid and corrosion.
 l - a +2 pair of gloves (worn)
   (You found it on level 3 of the Dungeon)
 r - a +1 pair of boots (worn)
   (You found it on level 6 of the Dungeon)
 Q - a +1 cloak (worn)
   (You found it on level 3 of the Lair of Beasts)
Jewellery
 m - a ring of wizardry
   (You found it on level 7 of the Dungeon)
 t - a ring of protection from cold (left hand)
   (You found it on level 5 of the Dungeon)
 u - a ring of flight
   (You found it on level 7 of the Dungeon)
 x - a +6 ring of strength
   (You found it on level 8 of the Dungeon)
 y - a ring of protection from fire
   (You took it off a centaur on level 8 of the Dungeon)
 A - a ring of poison resistance
   (You found it on level 10 of the Dungeon)
 H - an amulet of magic regeneration (around neck)
   (You found it on level 3 of the Lair of Beasts)
 L - the ring of Fun (right hand) {rPois rF+ MP+9 Dex-3 SInv}
   (You found it on level 2 of the Lair of Beasts)

   [ring of protection from fire]

   Dex:       It affects your dexterity (-3).
   rF:        It protects you from fire.
   rPois:     It protects you from poison.
   MP:        It affects your magic capacity (+9).
   SInv:      It lets you see invisible.
 O - a ring of protection from cold
   (You found it on level 2 of the Lair of Beasts)
 T - a +5 ring of evasion
   (You found it on level 5 of the Lair of Beasts)
Wands
 o - a wand of quicksilver (18)
   (You found it on level 9 of the Dungeon)
 B - a wand of roots (8)
   (You took it off Maurice on level 9 of the Dungeon)
 K - a wand of digging (1)
   (You found it on level 1 of the Lair of Beasts)
 N - a wand of mindburst (5)
   (You found it on level 2 of the Lair of Beasts)
 R - a wand of polymorph (7)
   (You found it on level 4 of the Lair of Beasts)
Scrolls
 i - 2 scrolls of fear
 s - a scroll of brand weapon
 w - a scroll of amnesia
 z - 6 scrolls of fog
 C - 3 scrolls of poison
 G - 3 scrolls of enchant weapon
 M - a scroll of immolation
 P - 2 scrolls of silence
 S - 3 scrolls of identify
Potions
 d - 4 potions of might
 e - 3 potions of brilliance
 f - a potion of berserk rage
 j - a potion of cancellation
 p - a potion of magic
 q - 2 potions of flight
 D - 5 potions of attraction
 E - 2 potions of heal wounds
 F - a potion of resistance
 I - 4 potions of curing

Dungeon Overview and Level Annotations

Branches:
Dungeon (11/15) Zot: 26786  Temple (1/1) D:4 Zot: 5767    Lair (5/5) D:8 Zot: 23675
 Shoals (0/4) Lair:3        Snake (0/4) Lair:3        Slime (0/5) Lair:4
    Orc (1/2) D:9 Zot: 5998

Altars:
Ashenzari
Cheibriados
Dithmenos
Elyvilon
Fedhas
Gozag
Hepliaklqana
Kikubaaqudgha
Makhleb
Nemelex Xobeh
Okawaru
Qazlal
Ru
Sif Muna
Trog
Uskayaw
Vehumet
Wu Jian
Xom
Yredelemnul
Zin
The Shining One
Jiyva

Shops:
D:1 [   D:2 (   D:3 * D:7

(
.......................##....####
...................÷.....##...##.
.....................†...........
.....####........#..##†##........
...### #........#######.#.♣....<♣
..## #........## ####♣♣♣♣♣♣♣ ..#
##.........### ..#
##.......#...P# {{
..####....#.####@.P#
..P#...##.### #.†..# {
.......#### ##..#.# { ......##
#..# # .....## #... .....# .....
.....# # ..... .....##.# .....♣
.....P..##


There were no monsters in sight!


Message History

You now have 1116 gold pieces (gained 9).
G - 3 scrolls of enchant weapon (gained 1)
You sense a monster nearby.
A black mamba comes into view.
The black mamba hisses angrily.
A cane toad comes into view.
There are monsters nearby!
The cane toad croaks.
The black mamba bites you but does no damage.
The black mamba bites you. 😕 HP[-5]
You take 5 damage, and now have 110/115 hp.
You sock the black mamba! You burn the black mamba.
The black mamba bites you but does no damage.
You sock the black mamba! You burn the black mamba.
The black mamba bites you! 😕 HP[-8]
You take 8 damage, and now have 102/115 hp.
Unknown command.
You closely miss the black mamba.
The black mamba bites you but does no damage.
The cane toad stings you! 😕 HP[-10]
You take 10 damage, and now have 92/115 hp.
You thump the cane toad! You burn the cane toad.
The black mamba closely misses you. The cane toad barely misses you.
The black mamba bites you but does no damage.
You miss the black mamba.
The black mamba bites you but does no damage.
The cane toad stings you! 😮 HP[-11]
You take 11 damage, and now have 81/115 hp.
Unknown command.
You barely miss the cane toad.
The black mamba bites you but does no damage.
The cane toad stings you. 😮 HP[-5]
You take 5 damage, and now have 76/115 hp.
You are too injured to fight recklessly!
You are too injured to fight recklessly!
You barely miss the cane toad. The black mamba completely misses you.
The black mamba bites you. The cane toad stings you. 😮 HP[-9]
You take 9 damage, and now have 67/115 hp.
Unknown command.
You are too injured to fight recklessly!
You hit the cane toad but do no damage. The black mamba bites you. 😮 HP[-5]
You take 5 damage, and now have 62/115 hp.
You are too injured to fight recklessly!
You barely miss the cane toad. The cane toad stings you!
* * * LOW HITPOINT WARNING * * *
You are poisoned.
The cane toad poisons you!
The black mamba bites you but does no damage. 😨 HP[-9]
You take 9 damage, and now have 53/115 hp.
The black mamba attacks as you move away!
The black mamba bites you!
* * * LOW HITPOINT WARNING * * *
You feel very sick.
The black mamba bites you but does no damage. 😨 HP[-12]
You take 12 damage, and now have 41/115 hp.
Unknown command.
You beat the black mamba like a drum!!!
You burn the black mamba!
You kill the black mamba!
The Council accepts your kill.
You feel very sick. 😨 HP[-3]
You take 3 damage, and now have 38/115 hp.
You feel very sick. The cane toad stings you!
* * * LOW HITPOINT WARNING * * *
The cane toad stings you but does no damage. 😱 HP[-10]
You take 10 damage, and now have 28/115 hp.
Unknown command.
You hit the cane toad. You burn the cane toad.
You feel sick. 😱 HP[-1]
You take 1 damage, and now have 27/115 hp.
You barely miss the cane toad.
You feel sick.
The cane toad stings you but does no damage. 😱 HP[-1]
You take 1 damage, and now have 26/115 hp.
You barely miss the cane toad.
You feel sick. The cane toad stings you.
* * * LOW HITPOINT WARNING * * *
😱 HP[-4]
You take 4 damage, and now have 22/115 hp.
You closely miss the cane toad.
You feel sick. The cane toad stings you!
* * * LOW HITPOINT WARNING * * *
😱 HP[-10]
You take 10 damage, and now have 12/115 hp.
You barely miss the cane toad.
You feel sick. The cane toad stings you!
* * * LOW HITPOINT WARNING * * *
😱 HP[-11]
You take 11 damage, and now have 1/115 hp.
You hammer the cane toad like a gong!!! You burn the cane toad.
You kill the cane toad!
The Council accepts your kill.
You die...

Skill      XL: |  1  2  3  4  5  6  7  8  9 10 11 12 13 14 |
---------------+-------------------------------------------+-----
Fighting       | 4 5 8 10 12 | 12.0
Armour         | 4 5 7 8 10 12 | 12.0
Maces & Flails | 3 4 6 7 9 11 13 15 17 19 | 19.6
Shields        | |  4.0

Action                     |  1- 3 |  4- 6 |  7- 9 | 10-12 | 13-15 || total
---------------------------+-------+-------+-------+-------+-------++-------
  Melee: Flail             |   114 |   110 |   396 |    54 |       ||   674
         Dire flail        |       |       |       |   219 |       ||   219
         Morningstar       |       |       |       |    39 |       ||    39
         Giant club        |       |       |       |   276 |   414 ||   690
Ability: Dig               |       |     1 |     1 |     1 |     1 ||     4
         Shaft Self        |       |     1 |       |       |       ||     1
         Lunge             |       |       |     8 |    49 |    20 ||    77
         Whirlwind         |       |       |       |    21 |    39 ||    60
    Use: Scroll            |     3 |     4 |     7 |     6 |     5 ||    25
         Potion            |       |       |     2 |     7 |     3 ||    12
 Armour: Scale mail        |    52 |    15 |       |       |       ||    67
         Chain mail        |       |    65 |   207 |   304 |   360 ||   936
         Skin              |       |       |    24 |       |       ||    24
  Dodge: Dodged            |    69 |    41 |   131 |   175 |   145 ||   561
  Block: Buckler           |    32 |    34 |    78 |    39 |       ||   183

Levels and vault maps discovered:
D:1:      denvon_arrival_hothouse, layout_basic, serial_shops, shop,
          hangedman_decor_growths, minmay_tromino_mix6
D:2:      layout_basic, serial_shops, nicolae_shop_bloodbath_and_beyond,
          uniq_robin
D:3:      minmay_general_purpose_star, layout_basic, amcnicky_altar_gilded,
          mainiacjoe_overflow_alcove_2, serial_shops, nicolae_shop_crystal
D:4:      layout_loops_ring, nicolae_kikubaaqudgha_miasma_corner, temple_pool_b,
          minmay_between, uniq_menkaure
D:5:      layout_cave_pools
D:6:      layout_rooms, mainiacjoe_overflow_catwalk, grunt_temple_overflow_open
D:7:      layout_cave_pools, mainiacjoe_overflow_tiny_flanked, serial_shops,
          nicolae_lakefront_shop, grunt_decor_junction, uniq_prince_ribbit1
D:8:      layout_basic, dpeg_oklobed_lair, uniq_erica
D:9:      layout_rooms, zombieorc2_lemuel, uniq_maurice, uniq_harold
D:10:     cheibrodos_fzero, layout_stronghold, cheibriados_altar_1,
          mainiacjoe_overflow_small_starburst, minmay_strange_pillars,
          grunt_ministairs_11
D:11:     layout_roguey, serial_shops, nicolae_shop_overgrown_old_shop,
          grunt_ministairs_14, uniq_urug
Temple:   nicolae_temple_figure_eight
Lair:1:   layout_chaotic_city, nzn_sisyphean_effort
Lair:2:   nzn_winding_woodlands_medium [nzn_winding_woodlands_5x5_closed_star,
          nzn_winding_woodlands_5x15_eye, nzn_winding_woodlands_5x5_open_star,
          nzn_winding_woodlands_5x5_cross,
          nzn_winding_woodlands_center_triple_pond,
          nzn_winding_woodlands_hourglass, nzn_winding_woodlands_5x5_three,
          nzn_winding_woodlands_5x15_crooked,
          nzn_winding_woodlands_5x5_checkerboard], layout_chaotic_city,
          basic_altar, dreamdust_mushroom_princess, mumra_transporter_accident
Lair:3:   gammafunk_mikee_crab_dinner, layout_misc_corridors,
          minmay_shoals_entry_hut, nicolae_snake_entry_squirm,
          lemuel_fruit_fields
Lair:4:   layout_roguey, dpeg_slime_entry_corner, lemuel_fruit_fields,
          uniq_snorg
Lair:5:   hellmonk_lair_end_abyssal_woods, layout_layer_cave
Orc:1:    layout_caves, serial_shops, nicolae_shop_trees, nicolae_shop_gadgets,
          uniq_erolcha

Notes
Turn   | Place    | Note
-------+----------+-------------------------------------------
     0 | D:1      | ytrimaz the Formicid Fighter began the quest for the Orb.
     0 | D:1      | Reached XP level 1. HP: 18/18 MP: 1/1
     0 | D:1      | magus.rc [v1.9.6]
    27 | D:1      | You add the spells Gell's Gravitas, Teleport Other and
                  | Dispersal to your library.
    39 | D:1      | You pick up a book of Spectacle and begin reading...
    39 | D:1      | You add the spells Dazzling Flash, Iskenderun's Mystic
                  | Blast and Starburst to your library.
    76 | D:1      | Found Bokempin's Armour Boutique.
   163 | D:1      | Reached XP level 2. HP: 22/24 MP: 2/2
   368 | D:1      | Reached XP level 3. HP: 30/30 MP: 3/3
   821 | D:2      | Noticed Robin
   826 | D:2      | Reached skill level 4 in Fighting
   831 | D:2      | Reached skill level 4 in Armour
   831 | D:2      | Reached XP level 4. HP: 36/37 MP: 4/4
   839 | D:2      | Killed Robin
   860 | D:2      | Found Patsuu's Weapon Boutique.
  1438 | D:3      | Found a white marble altar of Elyvilon.
  1500 | D:3      | Reached skill level 3 in Maces & Flails
  1579 | D:3      | Identified the +4 chain mail of a bazaar {rF+ rN+ rCorr
                  | Int+3}
  1600 | D:3      | Found Bymafeih's Assorted Antiques.
  1622 | D:3      | Reached XP level 5. HP: 42/42 MP: 5/5
  1982 | D:3      | Found a stormy altar of Qazlal.
  2041 | D:4      | Noticed an ogre
  2050 | D:4      | Killed an ogre
  2051 | D:4      | Reached XP level 6. HP: 42/49 MP: 6/6
  2106 | D:4      | Reached skill level 5 in Armour
  2109 | D:4      | Reached skill level 4 in Maces & Flails
  2133 | D:4      | HP: 12/49 [gnoll/+2 vampiric whip (4)]
  2138 | D:4      | HP: 12/49 [gnoll/+2 flail of protection (1)]
  2141 | D:4      | You fall into a shaft and drop 3 floors!
  2288 | D:7      | Noticed a water moccasin
  2308 | D:7      | Killed a water moccasin
  2324 | D:7      | Found Hosmod's Weapon Emporium.
  2377 | D:7      | Noticed Prince Ribbit
  2393 | D:7      | Reached XP level 7. HP: 33/55 MP: 7/7
  2407 | D:7      | Reached skill level 5 in Maces & Flails
  2407 | D:7      | Reached skill level 6 in Armour
  2421 | D:7      | Killed Prince Ribbit
  2598 | D:7      | Noticed a water moccasin
  2611 | D:7      | Killed a water moccasin
  2612 | D:7      | Reached skill level 6 in Maces & Flails
  2612 | D:7      | Reached skill level 7 in Armour
  2612 | D:7      | Reached XP level 8. HP: 42/61 MP: 8/8
  2697 | D:7      | Found a burning altar of Makhleb.
  2738 | D:6      | Found an ornate altar of the Wu Jian Council.
  2752 | D:6      | Found a shadowy altar of Dithmenos.
  2819 | D:5      | Entered Level 5 of the Dungeon
  2911 | D:5      | Reached skill level 7 in Maces & Flails
  2911 | D:5      | Reached skill level 8 in Armour
  3251 | D:4      | Found an ancient bone altar of Kikubaaqudgha.
  3307 | D:4      | Found a staircase to the Ecumenical Temple.
  3360 | D:4      | Reached XP level 9. HP: 51/66 MP: 9/9
  3649 | D:4      | Noticed Menkaure
  3659 | D:4      | Killed Menkaure
  3928 | Temple   | Entered the Ecumenical Temple
  4219 | D:6      | Reached skill level 9 in Armour
  4236 | D:6      | Became a worshipper of the Wu Jian Council
  4307 | D:6      | Reached skill level 8 in Maces & Flails
  4351 | D:6      | Found a sacrificial altar of Ru.
  4353 | D:6      | You pick up a book of Cantrips and begin reading...
  4353 | D:6      | You add the spells Necrotise, Summon Small Mammal and
                  | Apportation to your library.
  5247 | D:8      | Reached * piety under Wu Jian
  5259 | D:8      | Reached skill level 10 in Armour
  5357 | D:8      | Reached skill level 9 in Maces & Flails
  5647 | D:8      | Reached XP level 10. HP: 55/73 MP: 10/10
  5823 | D:8      | Noticed Erica
  5843 | D:8      | Killed Erica
  5844 | D:8      | Reached skill level 10 in Maces & Flails
  5844 | D:8      | Reached skill level 11 in Armour
  5975 | D:8      | Found a staircase to the Lair.
  6071 | D:8      | You add the spells Olgreb's Toxic Radiance, Ozocubu's
                  | Refrigeration and Ignition to your library.
  6178 | D:8      | HP: 17/71 [wight/+1 spear of freezing (3)]
  6182 | D:8      | HP: 7/72 [wight/+1 spear of freezing (7)]
  6544 | D:8      | You pick up a book of Displacement and begin reading...
  6599 | D:8      | You pick up a book of Transfigurations and begin reading...
  6599 | D:8      | You add the spells Irradiate, Blade Hands and Dragon Form
                  | to your library.
  6725 | D:9      | Noticed Harold
  6774 | D:9      | Identified the +1 hat of Weam {rN+ Dex+3 Slay+2}
  6819 | D:9      | Reached ** piety under Wu Jian
  6838 | D:9      | Noticed Maurice
  6850 | D:9      | Killed Maurice
  6851 | D:9      | Reached skill level 5 in Fighting
  6901 | D:9      | Reached skill level 11 in Maces & Flails
  6941 | D:9      | Found a staircase to the Orcish Mines.
  6973 | D:9      | Killed Harold
  6974 | D:9      | Reached skill level 12 in Armour
  6974 | D:9      | Reached XP level 11. HP: 51/81 MP: 11/11
  7001 | D:9      | Reached skill level 6 in Fighting
  7017 | D:9      | HP: 19/81 [troll (8)]
  7025 | D:9      | HP: 11/82 [bullfrog (2)]
  7031 | D:9      | Reached skill level 12 in Maces & Flails
  7031 | D:9      | HP: 1/83 [yak (12)]
  7038 | D:9      | HP: 3/83 [yak (11)]
  7039 | D:9      | Reached *** piety under Wu Jian
  7072 | D:9      | HP: 18/83 [ogre zombie (7)]
  7517 | D:9      | Reached skill level 7 in Fighting
  7882 | Orc:1    | Entered Level 1 of the Orcish Mines
  7912 | D:10     | Entered Level 10 of the Dungeon
  8229 | D:10     | Found an iron altar of Okawaru.
  8599 | D:10     | Found a snail-covered altar of Cheibriados.
  8666 | D:10     | Noticed a two-headed ogre
  8680 | D:10     | Killed a two-headed ogre
  8681 | D:10     | Reached skill level 13 in Maces & Flails
  8684 | D:10     | HP: 21/86 [orc warrior/+0 halberd (9)]
  8716 | D:10     | HP: 21/86 [centaur simulacrum (1)]
  9080 | D:10     | Reached skill level 8 in Fighting
  9179 | D:10     | Reached XP level 12. HP: 92/92 MP: 12/12
  9367 | D:10     | Reached **** piety under Wu Jian
  9411 | D:10     | Identified the +0 leather armour "Moryt" {rN+ Stlth+}
  9480 | D:10     | Noticed a two-headed ogre
  9488 | D:10     | Killed a two-headed ogre
  9801 | D:11     | Reached skill level 14 in Maces & Flails
  9868 | Lair:1   | Entered Level 1 of the Lair of Beasts
  9879 | Lair:1   | Reached skill level 9 in Fighting
 10362 | Lair:1   | You pick up a book of Changes and begin reading...
 10362 | Lair:1   | You add the spells Beastly Appendage, Wereblood and Spider
                  | Form to your library.
 10499 | Lair:1   | Noticed a boulder beetle
 10510 | Lair:1   | Killed a boulder beetle
 10511 | Lair:1   | Reached skill level 15 in Maces & Flails
 10663 | Lair:1   | Reached skill level 10 in Fighting
 10677 | Lair:1   | Reached XP level 13. HP: 76/103 MP: 13/13
 11257 | Lair:2   | Noticed a six-headed hydra
 11265 | Lair:2   | Killed a six-headed hydra
 11280 | Lair:2   | Reached skill level 16 in Maces & Flails
 11366 | Lair:2   | Identified the ring of Fun {rPois rF+ MP+9 Dex-3 SInv}
 11440 | Lair:2   | Reached ***** piety under Wu Jian
 11441 | Lair:2   | Reached skill level 11 in Fighting
 11620 | Lair:2   | Found an opulent altar of Gozag.
 12541 | Lair:3   | Found a staircase to the Shoals.
 12661 | Lair:3   | Found a staircase to the Snake Pit.
 12702 | Lair:3   | Got Niakhlon's Book of Movement
 12780 | Lair:3   | Identified the +0 robe of Philately {rF+ rN+ Dex+3 SInv}
 12875 | Lair:3   | You pick up a book of Air and begin reading...
 12875 | Lair:3   | You add the spells Shock and Airstrike to your library.
 12942 | Lair:3   | Found a runed translucent door.
 13109 | Lair:3   | Reached skill level 17 in Maces & Flails
 13125 | Lair:3   | Noticed an entropy weaver
 13154 | Lair:3   | Killed an entropy weaver
 13228 | Lair:3   | Reached skill level 12 in Fighting
 13357 | Lair:3   | Noticed an entropy weaver
 13366 | Lair:3   | Killed an entropy weaver
 13411 | Lair:3   | Reached XP level 14. HP: 98/115 MP: 14/14
 13686 | Lair:3   | HP: 20/109 [ghost crab] (12)]
 13691 | Lair:3   | HP: 16/109 [spectral elephant[a ghost crab] (6)]
 13696 | Lair:3   | HP: 12/109 [spectral black mamba[a ghost crab] (6)]
 13696 | Lair:3   | HP: 5/108 [spectral black mamba[a ghost crab] (6)]
 14491 | Lair:3   | Reached skill level 18 in Maces & Flails
 14887 | Lair:4   | You pick up a book of the Spheres and begin reading...
 14887 | Lair:4   | You add the spells Iskenderun's Battlesphere, Fireball,
                  | Conjure Ball Lightning and Orb of Destruction to your
                  | library.
 15004 | Lair:4   | You pick up a book of the Tundra and begin reading...
 15004 | Lair:4   | You add the spells Hailstorm, Ice Form and Simulacrum to
                  | your library.
 15196 | Lair:4   | Noticed Snorg
 15212 | Lair:4   | Killed Snorg
 15587 | Lair:4   | Found a staircase to the Slime Pits.
 15593 | Lair:4   | Found a viscous altar of Jiyva.
 15749 | Lair:5   | Entered Level 5 of the Lair of Beasts
 15869 | Lair:5   | Reached skill level 19 in Maces & Flails
 16280 | Lair:5   | HP: 28/115 [cane toad (7)]
 16284 | Lair:5   | HP: 12/115 [cane toad (10)]
 16285 | Lair:5   | HP: 1/115 [cane toad (10)]
 16286 | Lair:5   | Succumbed to a cane toad's poison

Vanquished Creatures
  Snorg (Lair:4)
  3 entropy weavers (Lair:3)
  Harold (D:9)
  A hydra (Lair:2)
  4 ghost crabs (Lair:3)
  Erica (D:8)
  A boulder beetle (Lair:1)
  2 two-headed ogres (D:10)
  5 fire crabs (Lair:3)
  A wizard (D:10)
  Maurice (D:9)
  26 elephants
  A torpor snail (Lair:2)
  An apocalypse crab (Lair:3)
  2 black mambas (Lair:5)
  13 cane toads
  4 komodo dragons
  An unseen horror (D:10)
  4 rime drakes
  A freezing wraith (D:10)
  3 trolls
  Prince Ribbit (D:7)
  2 polar bears (Lair:1)
  A snapping turtle (Lair:3)
  20 blink frogs
  4 wyverns
  A shadow (D:9)
  3 wraiths (D:10)
  29 yaks
  3 basilisks
  Menkaure (D:4)
  A vampire mosquito (D:10)
  An acid dragon (D:10)
  3 nagas (Lair:3)
  13 water moccasins
  A two-headed ogre zombie (D:9)
  A black bear (D:6)
  5 orc warriors
  2 sky beasts
  An ogre (D:4)
  11 wolves
  6 centaurs
  3 phantoms
  2 kobold brigands
  12 bullfrogs
  3 necrophages
  2 gnoll sergeants
  5 scorpions
  12 wights
  13 killer bees
  A troll zombie (D:9)
  6 howler monkeys
  2 lava snakes (D:7)
  2 hounds
  A gnoll bouda (D:8)
  A jelly (D:6)
  4 orc priests
  An iguana (D:6)
  2 orc wizards
  A centaur simulacrum (D:10)
  6 ogre zombies (D:9)
  Robin (D:2)
  22 gnolls
  8 adders
  A shadow imp (D:7)
  3 white imps
  An ufetubus (D:4)
  4 worms
  2 dart slugs
  19 orcs
  7 ball pythons
  5 endoplasms
  2 giant cockroaches
  19 goblins
  11 hobgoblins
  4 jackals (D:4)
  A quokka (D:4)
  4 bats
  4 frilled lizards
  4 goblin zombies (D:9)
  2 hobgoblin skeletons (D:9)
  6 hobgoblin zombies (D:9)
  16 kobolds
  An orc skeleton (D:9)
  12 orc zombies (D:9)
425 creatures vanquished.

Vanquished Creatures (others)
  10 fungi
  15 plants
25 creatures vanquished.

Grand Total: 450 creatures vanquished

Table legend:
 A = Non-vault XP
 B = Vault XP
 C = Vault XP percentage of total XP
 D = Non-vault monster count
 E = Vault monster count
 F = Vault count percentage of total count
                 A         B        C        D         E       F
            +---------+---------+-------+---------+---------+-------
      Total |   42183 |   25368 |  37.6 |     309 |     116 |  27.3
            +---------+---------+-------+---------+---------+-------
        D:1 |      39 |       4 |   9.3 |      22 |       3 |  12.0
        D:2 |      20 |      36 |  64.3 |       9 |      13 |  59.1
        D:3 |      56 |       5 |   8.2 |      15 |       2 |  11.8
        D:4 |     394 |     294 |  42.7 |      25 |       4 |  13.8
        D:5 |     257 |       0 |   0.0 |       7 |       0 |   0.0
        D:6 |     875 |       0 |   0.0 |      18 |       0 |   0.0
        D:7 |     915 |     283 |  23.6 |      15 |       1 |   6.2
        D:8 |    1876 |     834 |  30.8 |      40 |       1 |   2.4
        D:9 |    3567 |    2127 |  37.4 |      28 |      38 |  57.6
       D:10 |    2865 |    3489 |  54.9 |      20 |      20 |  50.0
       D:11 |     403 |       0 |   0.0 |       2 |       0 |   0.0
     Lair:1 |    7924 |     834 |   9.5 |      29 |       1 |   3.3
     Lair:2 |    3898 |    5460 |  58.3 |      13 |      15 |  53.6
     Lair:3 |    3057 |   11069 |  78.4 |      14 |      17 |  54.8
     Lair:4 |    4880 |     933 |  16.1 |      22 |       1 |   4.3
     Lair:5 |   11157 |       0 |   0.0 |      30 |       0 |   0.0
            +---------+---------+-------+---------+---------+-------

Illustrated notes

Table legend:
 A = Kills in this place as a percentage of kills in the entire game.
 B = Kills by you in this place as a percentage of kills by you in the entire game.
 C = Kills by friends in this place as a percentage of kills by friends in the entire game.
 D = Other kills in this place as a percentage of other kills in the entire game.
 E = Experience gained in this place as a percentage of experience gained in the entire game.
 F = Experience gained in this place divided by the number of levels of this place that you have seen.
                   A       B       C       D       E      F
               +-------+-------+-------+-------+-------+----------------------
         Total | 100.0 | 100.0 |   N/A |   N/A | 100.0 | 3752.8
       Dungeon |  66.6 |  66.6 |   N/A |   N/A |  27.1 | 1667.2
          Lair |  33.4 |  33.4 |   N/A |   N/A |  72.9 | 9842.4
               +-------+-------+-------+-------+-------+----------------------

Table legend: (Time is in decaauts)
 A = Elapsed time spent in this place.
 B = Non-inter-level travel time spent in this place.
 C = Inter-level travel time spent in this place.
 D = Time resting spent in this place.
 E = Time spent auto-exploring this place.
 F = Levels seen in this place.
 G = Mean time per level.
                   A        B        C        D        E       F      G
               +--------+--------+--------+--------+--------+-----+--------+
         Total |  16214 |  15702 |    512 |   2119 |  10248 |  18 |  900.8 |
       Dungeon |   9655 |   9263 |    392 |    985 |   5945 |  11 |  877.7 |
        Temple |    232 |    224 |      8 |      0 |    204 |   1 |  232.0 |
          Lair |   6324 |   6212 |    112 |   1133 |   4099 |   5 | 1264.8 |
  Orcish Mines |      1 |      1 |      0 |      0 |      0 |   1 |    1.0 |
               +--------+--------+--------+--------+--------+-----+--------+

Top non-repeatable levels by time:
  Lair:3: 2050 daAuts
    D:10: 1749 daAuts
     D:8: 1552 daAuts
  Lair:4: 1417 daAuts
  Lair:2: 1211 daAuts
     D:7: 1151 daAuts
  Lair:1: 1140 daAuts
     D:9: 1114 daAuts
     D:4: 992 daAuts
     D:1: 772 daAuts
     D:2: 678 daAuts
     D:3: 617 daAuts
     D:6: 556 daAuts
  Lair:5: 504 daAuts
     D:5: 310 daAuts
